 Dungeon Crawl Stone Soup version 0.28-a0-845-gfc338a8e3c (console) character file.

Game seed: 10693566342592341756

35 petzl the Vexing (level 3, 0/34 HPs)
             Began as an Octopode Arcane Marksman on Nov 12, 2021.
             Succumbed to an adder's poison
             ... on level 2 of the Dungeon.
             The game lasted 00:02:45 (971 turns).

petzl the Vexing (Octopode Arcane Marksman)          Turns: 971, Time: 00:02:46

Health: 0/34       AC:  1    Str:  9    XL:     3   Next: 35%
Magic:  4/5        EV: 13    Int: 16    God:
Gold:   65         SH:  0    Dex: 12    Spells: 3/4 levels left

rFire   . . .      SeeInvis .   b - +0 dagger {!f =f}
rCold   . . .      Faith    .   (no shield)
rNeg    . . .      Spirit   .   (helmet restricted)
rPois   .          Reflect  .   (no amulet)
rElec   .          Harm     .   (no ring)
rCorr   .          Rampage  .   (no ring)
Will    .....                   (no ring)
Stlth   ..........              (no ring)
HPRegen 0.11/turn               (no ring)
MPRegen 0.09/turn               (no ring)
                                (no ring)
                                (no ring)

@: mighty, berserking, lethally poisoned (0 -> -3), very quick
A: almost no armour, amphibious, 8 rings, camouflage 1, gelatinous body 1,
(nimble swimmer 1), tentacles
a: no special abilities


You were on level 2 of the Dungeon.
You visited 1 branch of the dungeon, and saw 2 of its levels.

You collected 65 gold pieces.

Inventory:

Hand Weapons
 a - a +0 hand crossbow
 b - a +0 dagger (weapon) {!f =f}
Missiles
 c - 15 bolts
 j - 21 poisoned darts (quivered)
Jewellery
 k - a ring of fire
Scrolls
 d - a scroll of teleportation {unknown}
 g - a scroll of fear {unknown}
 h - a scroll of vulnerability {unknown}
 i - a scroll of summoning {unknown}
 l - a scroll of immolation {unknown}
Potions
 e - 2 potions of might


   Skills:
 + Level 1.5 Fighting
 + Level 2.3 Crossbows
 + Level 2.4 Dodging
 + Level 1.6 Stealth
 + Level 1.4 Spellcasting
 - Level 3.0 Hexes


You had 3 spell levels left.
You knew the following spells:

 Your Spells              Type           Power      Damage    Failure   Level
a - Slow                  Hex            40%        N/A       6%          1

Your spell library contained the following spells:

 Spells                   Type           Power      Damage    Failure   Level
 Beastly Appendage        Tmut           2%         N/A       22%         1
 Wereblood                Tmut           1%         N/A       32%         2
 Inner Flame              Hex/Fire       5%         N/A       34%         3
 Portal Projectile        Hex/Tloc       10%        N/A       34%         3
 Spider Form              Tmut/Pois      1%         N/A       54%         3
 Cause Fear               Hex            5%         N/A       54%         4


Dungeon Overview and Level Annotations

Branches:
Dungeon (2/15)

Altars:


Innate Abilities, Weirdness & Mutations

You cannot wear most types of armour.
You are amphibious.
You can wear up to eight rings at the same time.
Your skin changes colour to match your surroundings (Stealth+).
Your rubbery body absorbs attacks. (AC +1, EV +1)
((You are camouflaged near water. (Stealth+)))
You have tentacles for arms and can constrict up to eight enemies at once.


Message History

The adder bites you.
Things that are here:
a +0 dagger {!f =f}; a kobold corpse You barely miss the adder.
Your grab misses the adder. Your squeeze misses the adder.
The adder closely misses you.
Unknown command.
You hit the adder. You grab the adder.
The adder is moderately wounded.
You constrict the adder. The adder bites you. x2
You are poisoned.
The adder poisons you!
Unknown command.
Casting: Slow (safe; 6% risk of failure)
Confirm with . or Enter, or press ? or * to list all spells.
Aiming: Slow (safe; 6% risk of failure)
Press: ? - help, Shift-Dir - straight line, f - adder
Aim: an adder (moderately wounded, constricted by you, chance to affect: 54%)
The adder resists with significant effort.
You constrict the adder.
You feel sick. The adder bites you.
* * * LOW HITPOINT WARNING * * *
Okay, then.
It was a potion of might.
You feel very mighty all of a sudden.
You constrict the adder.
* * * LOW HITPOINT WARNING * * *
You feel sick. The adder bites you.
* * * LOW HITPOINT WARNING * * *
Okay, then.
It was a potion of berserk rage.
A red film seems to cover your vision as you go berserk!
You feel yourself moving faster!
You feel mighty!
You constrict the adder.
You kill the adder!
* * * LOW HITPOINT WARNING * * *
You feel sick.
You are too berserk!
Unknown command.
Unknown command.
Unknown command.
You feel a strong urge to attack something.
You die...

## .. .. #. #. #. . .#. #.
####. ... #!## ..#.... #..
#..$ #.#.##. #.###.8 #.#.##.
....... #...##. ..####.#.8.#
##..##. .....#...# #.<##.
#†.###@# ####.##†
#....)#....... ........
#.#########.#. ########...
#.........# ...####...
#..######.##########....#...
#..#...............#....#...
#..#....#.########.#....##..
#..####.#.# #.#....##.. #..#
#.#.# #.#........ #..# #†..#
#.#........ #..# #.#.#
#.......... #..# #####
#.....####> #... #.....# #.
..## ##....# #. ## #....# #.
#....# #. #....# #.....
#.....


There were no monsters in sight!

Vanquished Creatures
  An adder (D:2)
  A dart slug (D:2)
  4 bats (D:1)
  An endoplasm (D:1)
  2 giant cockroaches (D:1)
  2 hobgoblins (D:1)
  2 jackals (D:1)
  A quokka (D:1)
  A ball python (D:1)
  4 frilled lizards
  2 kobolds (D:2)
  4 rats (D:1)
25 creatures vanquished.

Notes
Turn   | Place    | Note
-------+----------+-------------------------------------------
     0 | D:1      | petzl the Octopode Arcane Marksman began the quest for the
                  | Orb.
     0 | D:1      | Reached XP level 1. HP: 13/13 MP: 2/2
   173 | D:1      | Reached XP level 2. HP: 18/18 MP: 3/3
   184 | D:1      | Reached skill level 1 in Stealth
   960 | D:2      | Reached XP level 3. HP: 21/23 MP: 5/5
   969 | D:2      | HP: 1/23 [adder (2)]
   971 | D:2      | Succumbed to an adder's poison

Illustrated notes

Levels and vault maps discovered:
D:1:      grunt_arrival_crossed_arrows, layout_rooms
D:2:      layout_basic, minmay_pentomino_v4

Skill      XL: |  1  2 |
---------------+-------+-----
Stealth        | 1 |  1.6
Fighting       | |  1.5
Crossbows      | |  2.3
Dodging        | |  2.4
Spellcasting   | |  1.4
Hexes          | |  3.0

Action                   || total
-------------------------++-------
Melee: Unarmed           ||    34
       Tentacles         ||    11
       Constrict         ||    10
       Dagger            ||    10
 Fire: Hand crossbow     ||    39
 Cast: Slow              ||     1
  Use: Potion            ||     2
 Stab: Sleeping          ||     4
Armor: Skin              ||     8
Dodge: Dodged            ||    54

Table legend: (Time is in decaauts)
 A = Elapsed time spent in this place.
 B = Non-inter-level travel time spent in this place.
 C = Inter-level travel time spent in this place.
 D = Time resting spent in this place.
 E = Time spent auto-exploring this place.
 F = Levels seen in this place.
 G = Mean time per level.
                   A        B        C        D        E       F      G
               +--------+--------+--------+--------+--------+-----+--------+
         Total |    984 |    965 |     19 |    224 |    465 |   2 |  492.0 |
       Dungeon |    984 |    965 |     19 |    224 |    465 |   2 |  492.0 |
               +--------+--------+--------+--------+--------+-----+--------+

Top non-repeatable levels by time:
     D:1: 886 daAuts
     D:2: 97 daAuts
